 Seeded DCSS version 0.29.1-1-gd02db6906a (webtiles) character file.

Game seed: 2387645567842811425 (custom seed)

25 lonewolfV2 the Trooper (level 3, -6/23 HPs)
             Began as a Gargoyle Berserker on Oct 18, 2022.
             Was a Follower of Trog.
             Killed by divine providence
             ... invoked by an orc priest
              (13 damage)
             ... on level 4 of the Dungeon.
             The game lasted 00:01:31 (349 turns).

lonewolfV2 the Trooper (Gargoyle Berserker)          Turns: 349, Time: 00:01:32

Health: -6/23      AC: 11    Str: 26    XL:     3   Next: 4%
Magic:  0/3        EV: 10    Int:  7    God:    Trog [*.....]
Gold:   38         SH:  0    Dex:  9    Spells: 2/2 levels left

rFire   . . .      SeeInvis .   d - +1 scimitar (flame)
rCold   . . .      Faith    .   (no shield)
rNeg    + . .      Spirit   +   e - +2 scale mail {rPois}
rPois   ∞          Reflect  .   (no helmet)
rElec   +          Harm     .   (no cloak)
rCorr   .          Rampage  .   (no gloves)
Will    .....                   (no boots)
Stlth   ..........              c - amulet "Uduf" {Spirit Str+4}
HPRegen 0.07/turn               (no ring)
MPRegen 0.08/turn               (no ring)

@: no status effects
A: sickness immunity, AC +3, negative energy resistance 1, electricity
resistance, torment resistance 1, petrification resistance
a: Renounce Religion, Berserk


You were on level 4 of the Dungeon.
You worshipped Trog.
Trog was aware of your devotion.
You visited 1 branch of the dungeon, and saw 3 of its levels.

You collected 38 gold pieces.

Inventory:

Hand Weapons
 a - a +0 mace
 d - a +1 scimitar of flaming (weapon)
Armour
 b - a +0 animal skin
 e - a +2 scale mail of poison resistance (worn)
Jewellery
 c - the amulet "Uduf" (around neck) {Spirit Str+4}
   (You acquired it on level 1 of the Dungeon)

   [amulet of guardian spirit]

   It causes incoming damage to be divided between your reserves of health and
   magic.
   Str:       It affects your strength (+4).
Scrolls
 f - a scroll of vulnerability {unknown}


   Skills:
 + Level 3.6 Fighting
 + Level 3.3 Maces & Flails
 + Level 2.6 Armour
 + Level 1.9 Dodging


You had 2 spell levels left.
You didn't know any spells.
Your spell library was empty.

Dungeon Overview and Level Annotations

Branches:
Dungeon (2/15)

Altars:
Nemelex Xobeh


Innate Abilities, Weirdness & Mutations

You are immune to sickness and miasma.
Your stone body is resilient. (AC +3)
You are immune to poison.
You resist negative energy. (rN+)
You are resistant to electric shocks. (rElec)
You are resistant to unholy torment.
You are immune to petrification.


Message History

The orc shouts!
You hear a shout!
You hear a bark!
The jackal closely misses you. The jackal barely misses you.
The orc hits you but does no damage.
You hit the orc but do no damage. The jackal closely misses you.
The orc hits you with a +0 hand axe. The orc hits you but does no damage.
A kobold comes into view. It is wielding a +0 whip.
An orc priest comes into view. It is wielding a +0 hand axe.
The jackal barely misses you.
The kobold shouts!
You hit the orc. You burn the orc.
The orc is heavily wounded.
A jackal comes into view.
The jackal bites you but does no damage.
The orc barely misses you. x2; The jackal bites you.
The orc closely misses you. The orc completely misses you.
You barely miss the orc.
The jackal barks!
Your punch misses the orc.
A jackal comes into view.
The jackal barely misses you. The orc barely misses you. x2
The orc priest mumbles some strange prayers to Beogh against you.
Beogh smites you!
The jackal bites you but does no damage.
The jackal moves out of view.
A jackal comes into view.
The jackal barks!
You hit the orc but do no damage. The jackal barely misses you.
The orc hits you but does no damage. x2; The jackal misses you.
You closely miss the orc. The orc closely misses you.
The orc barely misses you. The jackal barely misses you.
The orc hits you with a +0 hand axe. The orc hits you but does no damage.
The jackal bites you.
Unknown command.
You closely miss the orc.
The jackal bites you but does no damage.
The orc hits you but does no damage. x2
The orc priest mumbles some strange prayers to Beogh against you.
Beogh smites you!
Ouch! That really hurt!
You die...

..........
#.....#...
#.......# #
#.......# #.. #.
### #.....h.#...#
#. ..#
#..ohh....#
#.####.#
##..ohK..#
.....#.#
###...@oo..#
.....#.#
##...########
.....#.###..###
#...#...#.######
#................
#...##...........
#...####..#######
#...####..#####
##....†........


You could see an orc priest, 3 orcs, 4 jackals and a kobold.

Vanquished Creatures
  2 adders
  A worm (D:4)
  A ball python (D:4)
  A giant cockroach (D:2)
  A frilled lizard (D:2)
6 creatures vanquished.

Notes
Turn   | Place    | Note
-------+----------+-------------------------------------------
     0 | D:1      | lonewolfV2 the Gargoyle Berserker began the quest for the
                  | Orb.
     0 | D:1      | Reached XP level 1. HP: 14/14 MP: 1/1
    49 | D:1      | Identified a scroll of acquirement
    49 | D:1      | Acquired the amulet "Uduf" {Spirit Str+4}
   123 | D:2      | Reached XP level 2. HP: 19/19 MP: 0/2
   123 | D:2      | Found a sparkling altar of Nemelex Xobeh.
   140 | D:2      | Acquired a +1 scimitar of flaming
   178 | D:2      | You fall into a shaft and drop 2 floors!
   257 | D:4      | Reached XP level 3. HP: 18/23 MP: 3/3
   349 | D:4      | Killed from afar by an orc priest

Illustrated notes

Levels and vault maps discovered:
D:1:      lemuel_arrival_room, layout_basic, ebering_ecumenical_altar_box
D:2:      layout_loops_ring, serial_rivers, chequers_serial_rivers_micro_e,
          chequers_serial_rivers_micro_b, chequers_serial_rivers_small_3,
          chequers_serial_rivers_micro_c, chequers_serial_rivers_micro_d,
          basic_altar
D:4:      layout_rooms, amcnicky_altar_gilded, minmay_temple_entry_nine_rooms,
          glass_columns_a

Action                   || total
-------------------------++-------
Melee: Mace              ||    11
       Scimitar          ||    19
  Use: Scroll            ||     2
Armor: Animal skin       ||     6
       Scale mail        ||    22
Dodge: Dodged            ||    32
